 Dungeon Crawl Stone Soup version 0.28-a0-407-g69098e2f6d (console) character file.

Game seed: 11878508554264349147

2128 nht the Spear-Bearer (level 9, -1/103 HPs)
             Began as a Merfolk Fighter on Sept 5, 2021.
             Was an Initiate of Gozag.
             Slain by a two-headed ogre (7 damage)
             ... on level 6 of the Dungeon.
             The game lasted 00:12:34 (6094 turns).

nht the Spear-Bearer (Merfolk Fighter)              Turns: 6094, Time: 00:12:35

Health: -1/103     AC: 24    Str: 16    XL:     9   Next: 29%
Magic:  9/9        EV:  2    Int:  4    God:    Gozag
Gold:   407        SH:  5    Dex: 16    Spells: 8/8 levels left

rFire   + . .      SeeInvis +   a - +0 trident
rCold   + . .      Faith    .   c - +0 buckler
rNeg    + + +      Spirit   .   (armour currently unavailable)
rPois   +          Reflect  .   (helmet currently unavailable)
rElec   .          Harm     .   (cloak currently unavailable)
rCorr   .          Rampage  .   (gloves currently unavailable)
Will    .....      NoTele   +   (boots currently unavailable)
Stlth   +++.......              (no amulet)
HPRegen 0.27/turn               w - ring of protection from cold
MPRegen 0.11/turn               x - ring "Bunonat" {+Blink Fly rF+ Int-4 SInv}

@: tree-form
A: stationary, stasis, torment immunity, boosted hp, (nimble swimmer 2),
(mertail)
a: Renounce Religion, Evoke Blink, Potion Petition, Call Merchant, Bribe Branch


You were on level 6 of the Dungeon.
You worshipped Gozag.
Gozag was aware of your devotion.
You were a tree.
You visited 1 branch of the dungeon, and saw 6 of its levels.

You collected 713 gold pieces.
You spent 306 gold pieces at shops.

Inventory:

Hand Weapons
 a - a +0 trident (weapon)
 b - a +2 dagger of protection
Missiles
 n - 11 javelins
 p - 4 poisoned darts
 q - 2 boomerangs (quivered)
Armour
 c - a +0 buckler (worn)
 d - a +2 robe of positive energy (melded)
 g - a scarf of invisibility (melded)
 s - a +0 pair of boots (melded)
 u - a +1 helmet (melded)
Jewellery
 w - a ring of protection from cold (left branch)
 x - the ring "Bunonat" (right branch) {+Blink Fly rF+ Int-4 SInv}
   (You found it on level 4 of the Dungeon)

   [ring of protection from fire]

   Int:       It affects your intelligence (-4).
   rF:        It protects you from fire.
   SInv:      It lets you see invisible.
   Fly:       It grants you flight.
   +Blink:    It lets you blink.
Scrolls
 e - a scroll of acquirement {unknown}
 h - a scroll of immolation
 i - 4 scrolls of teleportation
 j - a scroll of brand weapon {unknown}
 k - a scroll of blinking {unknown}
 l - a scroll of amnesia {unknown}
 o - a scroll of enchant weapon {unknown}
 r - a scroll of magic mapping
 t - a scroll of silence {unknown}
 y - 2 scrolls of holy word
Potions
 f - a potion of resistance
 v - a potion of flight {unknown}
 z - a potion of curing {unknown}
 A - a potion of magic {unknown}
 B - a potion of cancellation {unknown}
 C - a potion of haste {unknown}


   Skills:
 - Level 6.1 Fighting
 + Level 6.4 Short Blades
 - Level 10.1 Polearms
 - Level 2.1 Armour
 - Level 3.0 Dodging
 + Level 6.4 Stealth
 - Level 4.0 Shields


You had 8 spell levels left.
You didn't know any spells.
Your spell library contained the following spells:

 Spells                   Type           Power      Damage    Failure   Level
 Corona                   Hex            0%         N/A       50%         1
 Ensorcelled Hibernation  Hex/Ice        0%         N/A       65%         2
 Tukima's Dance           Hex            0%         N/A       86%         3


Dungeon Overview and Level Annotations

Branches:
Dungeon (6/15)             Temple (0/1) D:6

Altars:
Ashenzari
Gozag
Makhleb
Ru

Shops:
D:3 ?


Innate Abilities, Weirdness & Mutations

You are a tree.
Your roots penetrate the ground, keeping you stationary.
You cannot be teleported.
You are immune to unholy pain and torment.
Your maximum health is greatly increased.
Your equipment is partially melded.
((You are quick and stealthy near water. (Stealth+, EV+, Speed+++)))
((Your lower body shifts to a powerful aquatic tail in water.))


Message History

Your roots penetrate the ground.
You barely miss the two-headed ogre.
The two-headed ogre hits you with a +0 giant club!
You block the two-headed ogre's attack.
You completely miss the two-headed ogre.
The two-headed ogre hits you but does no damage.
The two-headed ogre hits you with a +0 giant club!
You puncture the two-headed ogre!
The two-headed ogre is lightly wounded.
You barely miss the two-headed ogre.
The two-headed ogre is lightly wounded.
The two-headed ogre barely misses you.
The two-headed ogre hits you but does no damage.
You hit the two-headed ogre but do no damage.
The two-headed ogre is lightly wounded.
You hit the two-headed ogre.
The two-headed ogre is moderately wounded.
The two-headed ogre hits you with a +0 giant club.
* * * LOW HITPOINT WARNING * * *
The two-headed ogre hits you but does no damage.
You puncture the two-headed ogre!
The two-headed ogre is moderately wounded.
The two-headed ogre hits you with a +0 giant club!
* * * LOW HITPOINT WARNING * * *
The two-headed ogre hits you with a +0 giant club!
* * * LOW HITPOINT WARNING * * *
You are too injured to fight recklessly!
You are too injured to fight recklessly!
You hit the two-headed ogre but do no damage.
The two-headed ogre is moderately wounded.
You puncture the two-headed ogre!
The two-headed ogre is heavily wounded.
The two-headed ogre hits you with a +0 giant club.
* * * LOW HITPOINT WARNING * * *
You block the two-headed ogre's attack.
You completely miss the two-headed ogre.
The two-headed ogre is heavily wounded.
The two-headed ogre hits you with a +0 giant club!
You die...
Your body crumbles into a pile of gold.

$ .8 █... ... █... █.█ $
..██████████ █..█ █.█
...........███..█ ██.█
.█.█.█.█.█..██..█ ██...
............██..████....
.█.......█..██..........
...................███.█
$
.█...>...█.[██.....███..
......O♣....███......█..
.█.......█..█ ██.......)
.............█ ██......)
.█.█.█.█.█......█.>....)
........................
███.███.█...............
█. .................. █
██████.............
██.....>.....
████........ █..███...


You could see a two-headed ogre.

Vanquished Creatures
  Grinder (D:5)
  Sigmund (D:2)
  6 yaks
  Edmund (D:5)
  Menkaure (D:5)
  A sky beast (D:5)
  A black bear (D:5)
  An ogre (D:5)
  A bullfrog (D:6)
  A howler monkey (D:5)
  An orc priest (D:5)
  A gnoll shaman (D:6)
  2 iguanas
  2 orc wizards
  5 adders
  5 gnolls (D:6)
  A worm (D:2)
  5 dart slugs
  11 orcs
  9 ball pythons
  6 bats
  10 endoplasms
  3 giant cockroaches
  4 hobgoblins
  4 jackals
  2 quokkas
  4 frilled lizards (D:2)
  9 goblins
  10 kobolds
  3 rats
112 creatures vanquished.

Notes
Turn   | Place    | Note
-------+----------+-------------------------------------------
     0 | D:1      | nht the Merfolk Fighter began the quest for the Orb.
     0 | D:1      | Reached XP level 1. HP: 18/18 MP: 1/1
   447 | D:1      | Reached skill level 1 in Dodging
   447 | D:1      | Reached XP level 2. HP: 24/24 MP: 2/2
   915 | D:2      | Noticed Sigmund
   976 | D:2      | Reached skill level 4 in Polearms
   976 | D:2      | Reached XP level 3. HP: 18/29 MP: 3/3
  1531 | D:2      | Reached XP level 4. HP: 37/37 MP: 4/4
  1540 | D:2      | Killed Sigmund
  1541 | D:2      | Reached skill level 6 in Polearms
  1541 | D:2      | Reached XP level 5. HP: 30/43 MP: 5/5
  1729 | D:2      | Reached XP level 6. HP: 44/49 MP: 6/6
  2062 | D:3      | Found a burning altar of Makhleb.
  2097 | D:3      | Found a faded altar of an unknown god.
  2097 | D:3      | Noticed a chaos spawn
  2105 | D:3      | Became a worshipper of Gozag Ym Sagoz the Greedy
  2283 | D:3      | Found Xihupuc's Magic Scroll Shop.
  2301 | D:3      | Bought a scroll of identify for 22 gold pieces
  2302 | D:3      | Bought a scroll of identify for 22 gold pieces
  2302 | D:3      | Bought a scroll of identify for 22 gold pieces
  2302 | D:3      | Bought a scroll of magic mapping for 38 gold pieces
  2302 | D:3      | Bought a scroll of magic mapping for 38 gold pieces
  2757 | D:4      | You fall into a shaft and drop 1 floor!
  2757 | D:5      | Entered Level 5 of the Dungeon
  2821 | D:5      | Reached skill level 7 in Polearms
  3534 | D:4      | Reached XP level 7. HP: 55/55 MP: 7/7
  3796 | D:4      | Identified the ring "Bunonat" {+Blink Fly rF+ Int-4 SInv}
  4217 | D:5      | Noticed Grinder
  4225 | D:5      | Killed Grinder
  4226 | D:5      | Reached skill level 5 in Fighting
  4226 | D:5      | Reached skill level 8 in Polearms
  4341 | D:5      | Reached skill level 9 in Polearms
  4418 | D:5      | Found a sacrificial altar of Ru.
  4550 | D:5      | Noticed a yak
  4552 | D:5      | Noticed a yak
  4552 | D:5      | Noticed a yak
  4553 | D:5      | Noticed a yak
  4555 | D:5      | Noticed a yak
  4580 | D:4      | Killed a yak
  4581 | D:4      | Reached skill level 10 in Polearms
  4581 | D:4      | Reached XP level 8. HP: 40/64 MP: 8/8
  4747 | D:5      | Noticed Menkaure
  4755 | D:5      | Killed Menkaure
  4756 | D:5      | Reached skill level 1 in Short Blades
  4756 | D:5      | Reached skill level 1 in Stealth
  4932 | D:5      | Noticed a yak
  4953 | D:4      | Killed a yak
  5131 | D:5      | Found a broken altar of Ashenzari.
  5158 | D:5      | Killed a yak
  5163 | D:5      | Killed a yak
  5176 | D:5      | Killed a yak
  5192 | D:5      | Killed a yak
  5193 | D:5      | Reached skill level 5 in Short Blades
  5193 | D:5      | Reached skill level 5 in Stealth
  5193 | D:5      | Reached XP level 9. HP: 44/69 MP: 9/9
  5413 | D:5      | Noticed Edmund
  5482 | D:3      | Bought a scroll of holy word for 82 gold pieces
  5482 | D:3      | Bought a scroll of holy word for 82 gold pieces
  5630 | D:5      | Killed Edmund
  6065 | D:6      | Found a staircase to the Ecumenical Temple.
  6074 | D:6      | Noticed a two-headed ogre
  6094 | D:6      | Slain by a two-headed ogre

Illustrated notes

Levels and vault maps discovered:
D:1:      dpeg_arrival_central, layout_basic
D:2:      layout_rooms, minivault_26, nicolae_underground_beach, uniq_sigmund
D:3:      layout_rooms, bloody_makhleb, dreamdust_ecumenical_altar_sealed_demon,
          serial_shops, shop
D:4:      layout_layer_cave, kennysheep_generic_room_4
D:5:      layout_gridville, mainiacjoe_overflow_swirl, uniq_menkaure,
          uniq_grinder, uniq_edmund
D:6:      cheibrodos_barr_body, layout_cave_pods,
          gammafunk_temple_overflow_statue, minmay_temple_entry_glass,
          corner_web_ring

Skill      XL: |  1  2  3  4  5  6  7  8  9 |
---------------+----------------------------+-----
Dodging        | 1 3 |  3.0
Polearms       | 4 6 7 10 | 10.1
Fighting       | 4 6 |  6.1
Shields        | 4 |  4.0
Short Blades   | 5 6 |  6.4
Stealth        | 5 6 |  6.4
Armour         | |  2.1

Action                   |  1- 3 |  4- 6 |  7- 9 || total
-------------------------+-------+-------+-------++-------
Melee: Trident           |    81 |   197 |   152 ||   430
       Dagger            |       |       |    10 ||    10
Throw: Javelin           |       |     7 |       ||     7
       Boomerang         |       |       |     5 ||     5
 Abil: Evoke Invisibilit |       |       |     1 ||     1
Evoke: Wand              |       |       |    39 ||    39
  Use: Potion            |       |     1 |     2 ||     3
       Scroll            |       |     6 |       ||     6
 Stab: Sleeping          |       |     1 |     2 ||     3
       Invisible         |       |       |     3 ||     3
Armor: Scale mail        |    21 |     1 |       ||    22
       Robe              |       |    36 |    22 ||    58
       Skin              |       |       |     4 ||     4
Dodge: Dodged            |    18 |    85 |    54 ||   157
Block: Buckler           |    13 |    33 |    30 ||    76

Table legend: (Time is in decaauts)
 A = Elapsed time spent in this place.
 B = Non-inter-level travel time spent in this place.
 C = Inter-level travel time spent in this place.
 D = Time resting spent in this place.
 E = Time spent auto-exploring this place.
 F = Levels seen in this place.
 G = Mean time per level.
                   A        B        C        D        E       F      G
               +--------+--------+--------+--------+--------+-----+--------+
         Total |   6079 |   5662 |    417 |    207 |   4405 |   6 | 1013.2 |
       Dungeon |   6079 |   5662 |    417 |    207 |   4405 |   6 | 1013.2 |
               +--------+--------+--------+--------+--------+-----+--------+

Top non-repeatable levels by time:
     D:4: 1690 daAuts
     D:5: 1634 daAuts
     D:1: 1170 daAuts
     D:2: 742 daAuts
     D:3: 673 daAuts
     D:6: 168 daAuts
